 Dungeon Crawl Stone Soup version 0.25-a0-294-gea9b1ad378 (webtiles) character file.

Game seed: 10567727537274802036, levelgen mode: deterministic

77 MoonlitKnight the Charmwright (level 4, -5/38 HPs)
             Began as a Gnoll Skald on Dec 17, 2019.
             Killed by divine providence
             ... invoked by an orc priest
              (15 damage)
             ... on level 3 of the Dungeon.
             The game lasted 00:04:55 (2076 turns).

MoonlitKnight the Charmwright (Gnoll Skald)         Turns: 2076, Time: 00:04:55

Health: -5/38      AC:  4    Str: 14    XL:     4   Next: 33%
Magic:  6/11       EV: 14    Int: 15    God:
Gold:   123        SH:  0    Dex: 15    Spells: 2/13 levels left

rFire    . . .     SeeInvis .   q - -2 mace (curse)
rCold    . . .     Gourm    .   (no shield)
rNeg     . . .     Faith    .   j - +0 leather armour
rPois    .         Spirit   .   e - +0 helmet (curse)
rElec    .         Reflect  .   (no cloak)
rCorr    .         Harm     .   (no gloves)
MR       .....                  (no boots)
Stlth    ++........             (no amulet)
HPRegen  0.12/turn              (no ring)
MPRegen  0.12/turn              (no ring)

@: no status effects
A: distributed training, fangs 1, strong nose
a: no special abilities


You were on level 3 of the Dungeon.
You were not hungry.

You visited 1 branch of the dungeon, and saw 3 of its levels.

You collected 123 gold pieces.

Inventory:

Hand Weapons
 a - a +0 spear
 b - a +0 hunting sling
 q - a cursed -2 mace (weapon)
Missiles
 m - 19 sling bullets
Armour
 e - a cursed +0 helmet (worn)
 j - a +0 leather armour (worn)
Scrolls
 f - a scroll of immolation {unknown}
 g - a scroll of magic mapping {unknown}
 n - a scroll of teleportation {unknown}
 o - a scroll of enchant armour {unknown}
 s - a scroll of remove curse {unknown}
Potions
 c - a potion of mutation
 h - a potion of flight
 i - 3 potions of agility
 k - a potion of invisibility
 p - a potion of heal wounds
 r - a potion of curing
Comestibles
 d - 4 rations
 l - 2 chunks of flesh


   Skills:
 + Level 4.6 Fighting
 + Level 1.1 Short Blades
 + Level 1.1 Long Blades
 + Level 1.1 Axes
 + Level 1.1 Maces & Flails
 + Level 4.6 Polearms
 + Level 1.1 Staves
 + Level 1.1 Slings
 + Level 1.1 Bows
 + Level 1.1 Crossbows
 + Level 1.1 Throwing
 + Level 2.7 Armour
 + Level 4.6 Dodging
 + Level 1.1 Stealth
 + Level 1.1 Shields
 + Level 1.1 Unarmed Combat
 + Level 5.0 Spellcasting
 + Level 0.8 Conjurations
 + Level 0.8 Hexes
 + Level 5.4 Charms
 + Level 0.8 Summonings
 + Level 0.8 Necromancy
 + Level 0.8 Translocations
 + Level 0.8 Transmutations
 + Level 0.8 Fire Magic
 + Level 0.8 Ice Magic
 + Level 0.8 Air Magic
 + Level 0.8 Earth Magic
 + Level 0.8 Poison Magic
 + Level 1.2 Invocations
 + Level 1.1 Evocations


You had 2 spell levels left.
You knew the following spells:

 Your Spells              Type           Power        Failure   Level  Hunger
a - Infusion              Chrm           ###.         1%          1    None
b - Shroud of Golubria    Chrm/Tloc      ##....       9%          2    ##.....
c - Spectral Weapon       Hex/Chrm       ##......     16%         3    ###....
d - Regeneration          Chrm/Necr      ##........   16%         3    ###....
e - Song of Slaying       Chrm           ###.....     3%          2    ##.....

Your spell library contained the following spells:

 Spells                   Type           Power        Failure   Level  Hunger


Dungeon Overview and Level Annotations

Branches:
Dungeon (3/15)

Altars:


Innate Abilities, Weirdness & Mutations

Your experience applies equally to all skills.
You have very sharp teeth.
Your uncanny sense of smell can sniff out nearby items.


Message History

The orc priest is moderately wounded.
Your shroud bends the orc priest's attack away.
The orc priest misses you.
You barely miss the orc priest.
The orc priest is moderately wounded.
The orc priest barely misses you.
You sock the orc priest!
You bite the orc priest, but do no damage.
The orc priest is almost dead.
Your shroud unravels.
The orc priest completely misses you.
You closely miss the orc priest.
The orc priest is almost dead.
Your skin stops crawling.
The orc priest invokes the aid of Beogh against you.
Beogh smites you!
* * * LOW HITPOINT WARNING * * *
The orc priest invokes the aid of Beogh against you.
Beogh smites you!
You die...

#. #.. #. #.#
#. #.# ##.# #.#
>.. #.#
.#####.####.#
........≈.#.#
.....≈o@..#.###
...≈≈§...(....#
###§##≈...#.#.#
≈≈ #....#.#.# #
#....#.#.#
#....#.#.#
#≈§....#.#
≈§.....#.#
§≈§≈..#...#


You could see an orc priest.

Vanquished Creatures
  An adder (D:3)
  2 worms
  A dart slug (D:3)
  A leopard gecko (D:1)
  2 orcs (D:3)
  5 bats
  5 giant cockroaches
  8 goblins
  5 hobgoblins
  6 jackals
  4 kobolds
  8 frilled lizards
  6 rats
54 creatures vanquished.

Notes
Turn   | Place    | Note
-------+----------+-------------------------------------------
     0 | D:1      | MoonlitKnight the Gnoll Skald began the quest for the Orb.
     0 | D:1      | Reached XP level 1. HP: 20/20 MP: 6/6
   204 | D:1      | Reached XP level 2. HP: 24/26 MP: 7/7
   222 | D:1      | Learned a level 2 spell: Shroud of Golubria
   756 | D:1      | Reached XP level 3. HP: 31/31 MP: 9/9
   808 | D:2      | Learned a level 3 spell: Spectral Weapon
   812 | D:2      | Learned a level 3 spell: Regeneration
   815 | D:2      | Learned a level 2 spell: Song of Slaying
   922 | D:2      | Reached skill level 5 in Spellcasting
  1295 | D:2      | Reached skill level 1 in Invocations
  1895 | D:3      | Reached skill level 1 in Short Blades
  1895 | D:3      | Reached skill level 1 in Long Blades
  1895 | D:3      | Reached skill level 1 in Axes
  1895 | D:3      | Reached skill level 1 in Maces & Flails
  1895 | D:3      | Reached skill level 1 in Staves
  1895 | D:3      | Reached skill level 1 in Slings
  1895 | D:3      | Reached skill level 1 in Bows
  1895 | D:3      | Reached skill level 1 in Crossbows
  1895 | D:3      | Reached skill level 1 in Throwing
  1895 | D:3      | Reached skill level 1 in Stealth
  1895 | D:3      | Reached skill level 1 in Shields
  1895 | D:3      | Reached skill level 1 in Unarmed Combat
  1895 | D:3      | Reached skill level 1 in Evocations
  1925 | D:3      | Reached XP level 4. HP: 35/38 MP: 11/11
  2076 | D:3      | Killed from afar by an orc priest

Levels and vault maps discovered:
D:1:      dpeg_arrival_pits, layout_basic, minivault_11, minmay_misc_feat_five,
          serial_park_tiny_pond, minmay_misc_feat_hallway
D:2:      layout_loops_corners, hangedman_decor_push
D:3:      layout_loops_ring, nicolae_qazlal_general_emergency, uniq_robin

Skill      XL: |  1  2  3 |
---------------+----------+-----
Spellcasting   | 5 |  5.0
Invocations    | 1 |  1.2
Short Blades   | 1 |  1.1
Long Blades    | 1 |  1.1
Axes           | 1 |  1.1
Maces & Flails | 1 |  1.1
Staves         | 1 |  1.1
Slings         | 1 |  1.1
Bows           | 1 |  1.1
Crossbows      | 1 |  1.1
Throwing       | 1 |  1.1
Stealth        | 1 |  1.1
Shields        | 1 |  1.1
Unarmed Combat | 1 |  1.1
Evocations     | 1 |  1.1
Fighting       | |  4.6
Polearms       | |  4.6
Armour         | |  2.7
Dodging        | |  4.6
Conjurations   | |  0.8
Hexes          | |  0.8
Charms         | |  5.4
Summonings     | |  0.8
Necromancy     | |  0.8
Translocations | |  0.8
Transmutations | |  0.8
Fire Magic     | |  0.8
Ice Magic      | |  0.8
Air Magic      | |  0.8
Earth Magic    | |  0.8
Poison Magic   | |  0.8

Action                   |  1- 3 |  4- 6 || total
-------------------------+-------+-------++-------
Melee: Spear             |    85 |       ||    85
       Bite              |    11 |     7 ||    18
       Mace              |    87 |    63 ||   150
 Fire: Hunting sling     |     8 |       ||     8
 Cast: Spectral Weapon   |     1 |       ||     1
       Regeneration      |       |     2 ||     2
       Shroud of Golubri |       |     2 ||     2
  Use: Scroll            |     7 |       ||     7
 Stab: Sleeping          |     1 |       ||     1
  Eat: Chunk             |     3 |     1 ||     4
Armor: Leather armour    |    36 |     9 ||    45
Dodge: Dodged            |   120 |    42 ||   162

Table legend:
 A = Non-vault XP
 B = Vault XP
 C = Vault XP percentage of total XP
 D = Non-vault monster count
 E = Vault monster count
 F = Vault count percentage of total count
                 A         B        C        D         E       F
            +---------+---------+-------+---------+---------+-------
      Total |     110 |       0 |   0.0 |      54 |       0 |   0.0
            +---------+---------+-------+---------+---------+-------
        D:1 |      34 |       0 |   0.0 |      18 |       0 |   0.0
        D:2 |      40 |       0 |   0.0 |      25 |       0 |   0.0
        D:3 |      36 |       0 |   0.0 |      11 |       0 |   0.0
            +---------+---------+-------+---------+---------+-------
